 Dungeon Crawl Stone Soup version 0.29.1-2-gbd0b4ee654 (webtiles) character file.

Game seed: 6606715063889466761

44 GorkyZ the Trooper (level 3, 0/29 HPs)
             Began as a Demonspawn Fighter on Nov 19, 2022.
             Constricted to death by a ball python (1 damage)
             ... on level 2 of the Dungeon.
             The game lasted 00:03:24 (796 turns).

GorkyZ the Trooper (Demonspawn Fighter)              Turns: 796, Time: 00:03:25

Health: 0/29       AC:  6    Str: 18    XL:     3   Next: 41%
Magic:  3/3        EV:  6    Int:  9    God:
Gold:   40         SH:  4    Dex: 12    Spells: 2/2 levels left

rFire   . . .      SeeInvis .   a - +0 flail
rCold   . . .      Faith    .   c - +0 buckler
rNeg    . . .      Spirit   .   b - +0 scale mail
rPois   .          Reflect  .   (no helmet)
rElec   .          Harm     .   (no cloak)
rCorr   .          Rampage  .   (no gloves)
Will    .....                   (no boots)
Stlth   ..........              (no amulet)
HPRegen 0.09/turn               (no ring)
MPRegen 0.08/turn               (no ring)

@: slowed, constricted, very slow
A: hooves 1
a: no special abilities


You were on level 2 of the Dungeon.
You visited 1 branch of the dungeon, and saw 2 of its levels.

You collected 40 gold pieces.

Inventory:

Hand Weapons
 a - a +0 flail (weapon)
Armour
 b - a +0 scale mail (worn)
 c - a +0 buckler (worn)
Scrolls
 f - a scroll of immolation
Potions
 d - a potion of might


   Skills:
 + Level 3.3 Fighting
 + Level 2.2 Maces & Flails
 + Level 1.0 Throwing
 + Level 3.0 Armour
 + Level 3.0 Shields


You had 2 spell levels left.
You didn't know any spells.
Your spell library contained the following spells:

 Spells                   Type           Power      Damage    Failure   Level
 Ozocubu's Armour         Ice            0%         N/A       99%         3
 Ozocubu's Refrigeration  Ice            0%         4d7       100%        7


Dungeon Overview and Level Annotations

Branches:
Dungeon (2/15)

Altars:


Innate Abilities, Weirdness & Mutations

You have large cloven feet.


Message History

Natasha misses you. Natasha claws you but does no damage.
Natasha barely misses you.
You hit Natasha.
You kill Natasha!
Natasha screams in pain as she dies!
The shadow imp disappears in a puff of smoke!
The ball python barely misses you. The ball python closely misses you.
Your Throwing skill increases to level 1!
Your Armour skill increases to level 3!
Your Shields skill increases to level 3!
You have reached level 3!
Your experience leads to an increase in your attributes!
Increase (S)trength, (I)ntelligence, or (D)exterity?
You feel stronger. x2
Okay, then.
You closely miss the ball python. Your kick misses the ball python.
The ball python closely misses you. The ball python grabs you.
The ball python constricts you. The ball python bites you.
* * * LOW HITPOINT WARNING * * *
The ball python constricts you. The ball python closely misses you.
The ball python constricts you.
* * * LOW HITPOINT WARNING * * *
As you read the scroll labelled OSTRAFF TIRUT, it crumbles to dust.
It is a scroll of identify.
f - a scroll of immolation You block the ball python's attack.
The ball python constricts you. You block the ball python's attack.
The ball python constricts you.
The air fills with toxic fumes!
As you read the scroll labelled PYPIMM PEIDE, it crumbles to dust.
It was a scroll of poison.
The ball python bites you but does no damage.
The ball python constricts you.
* * * LOW HITPOINT WARNING * * *
The ball python bites you but does no damage.
The ball python constricts you.
Unknown command.
You closely miss the ball python.
The ball python bites you but does no damage.
The ball python constricts you.
You die...

#...##....####
###....##.#
#######..##.#
..........#.#
####........########
#.........§§#§..###
###########§§...#<#####
#§#..........
#@#.)........
#S#..........
#w§..........
###§.........
#####§§...[....
.......§§.......
.......§§§......
...?..$.§§§.....
######..........


You could see a worm and a ball python.

Vanquished Creatures
  Natasha (D:2)
  3 ball pythons (D:1)
  An endoplasm (D:1)
  4 giant cockroaches (D:1)
  3 goblins (D:1)
  A hobgoblin (D:2)
  A quokka (D:1)
  A frilled lizard (D:1)
  4 rats
19 creatures vanquished.

Vanquished Creatures (others)
  A fungus (D:1)
1 creature vanquished.

Grand Total: 20 creatures vanquished

Notes
Turn   | Place    | Note
-------+----------+-------------------------------------------
     0 | D:1      | GorkyZ the Demonspawn Fighter began the quest for the Orb.
     0 | D:1      | Reached XP level 1. HP: 18/18 MP: 1/1
   334 | D:1      | Gained mutation: You have large cloven feet. [demonic
                  | ancestry]
   334 | D:1      | Reached XP level 2. HP: 24/24 MP: 2/2
   753 | D:1      | You fall into a shaft and drop 1 floor!
   776 | D:2      | Noticed Natasha
   792 | D:2      | Killed Natasha
   793 | D:2      | Reached skill level 1 in Throwing
   793 | D:2      | Reached XP level 3. HP: 3/29 MP: 3/3
   793 | D:2      | HP: 1/29 [constriction (1)]
   796 | D:2      | Constricted to death by a ball python

Illustrated notes

Levels and vault maps discovered:
D:1:      dpeg_arrival_prison, layout_basic, nicolae_shop_unique_rings
D:2:      layout_basic, uniq_natasha

Skill      XL: |  1  2 |
---------------+-------+-----
Maces & Flails | 2 |  2.2
Throwing       | 1 |  1.0
Armour         | 3 |  3.0
Shields        | 3 |  3.0
Fighting       | |  3.3

Action                   || total
-------------------------++-------
Melee: Flail             ||    71
       Kick              ||     8
  Use: Scroll            ||     2
Armor: Scale mail        ||    54
Dodge: Dodged            ||    37
Block: Buckler           ||    18
